 Dungeon Crawl Stone Soup version 0.23.2-1-ga50397a6bc (webtiles) character file.

Game seed: 1922629756265570867

6349 KamiKatze the Cleaver (level 10, -1/68 HPs)
             Began as a Gargoyle Berserker on May 27, 2019.
             Was a High Priest of Trog.
             Slain by Grum
             ... wielding a +1 spear
              (7 damage)
             ... on level 10 of the Dungeon.
             The game lasted 00:33:07 (7068 turns).

KamiKatze the Cleaver (Gargoyle Berserker)          Turns: 7068, Time: 00:33:07

Health: -1/68      AC: 23    Str: 25    XL:     10   Next: 96%
Magic:  11/11      EV:  8    Int:  7    God:    Trog [*****.]
Gold:   611        SH:  0    Dex:  9    Spells: 9/9 levels left

rFire    . . .     SeeInvis .   a - +2 war axe (elec)
rCold    . . .     Gourm    .   (no shield)
rNeg     + . .     Faith    .   H - +0 plate armour
rPois    ∞         Spirit   .   q - +0 helmet
rElec    +         Reflect  .   (no cloak)
rCorr    .         Harm     .   (no gloves)
MR       ++...                  (no boots)
Stlth    ..........             g - amulet of regeneration
HPRegen  1.61/turn              G - +3 ring of protection
MPRegen  0.12/turn              (no ring)

@: berserk cooldown, regenerating, slowed, very slow
A: negative energy resistance 1, electricity resistance, unbreathing,
petrification resistance, rot immunity, AC +7
a: Berserk, Trog's Hand, Brothers in Arms, Renounce Religion


You were on level 10 of the Dungeon.
You worshipped Trog.
Trog was extremely pleased with you.
You were very hungry.

You visited 1 branch of the dungeon, and saw 10 of its levels.

You collected 611 gold pieces.

Inventory:

Hand Weapons
 a - a +2 war axe of electrocution (weapon)
 b - a +2 fustibalus of freezing
 w - a +3 dire flail
 M - a +0 blowgun
 N - a +0 broad axe
 S - a +3 battleaxe
Missiles
 e - 77 poisoned needles
 i - 365 stones (quivered)
 m - 174 sling bullets
 r - 6 needles of sleeping
 t - 7 needles of confusion
 O - 4 tomahawks of dispersal
 T - 15 tomahawks
Armour
 q - a +0 helmet (worn)
 H - a +0 plate armour (worn)
Jewellery
 g - an amulet of regeneration (around neck)
 G - a +3 ring of protection (left hand)
Wands
 J - a wand of iceblast (10)
 K - a wand of paralysis (8)
Scrolls
 d - 6 scrolls of remove curse
 f - a scroll of noise {unknown}
 j - 9 scrolls of teleportation
 n - 2 scrolls of fear {unknown}
 o - 4 scrolls of enchant armour {unknown}
 p - a scroll of amnesia {unknown}
 u - a scroll of enchant weapon {unknown}
 C - a scroll of summoning {unknown}
 D - 4 scrolls of magic mapping {unknown}
 F - a scroll of blinking {unknown}
 R - a scroll of immolation {unknown}
Potions
 h - a potion of agility
 l - a potion of brilliance {unknown}
 s - a potion of might
 x - 5 potions of lignification
 z - a potion of invisibility
 B - 3 potions of curing
 E - a potion of flight
 I - 2 potions of mutation
 L - a potion of cancellation {unknown}
 Q - a potion of heal wounds {unknown}
Comestibles
 c - 30 rations


   Skills:
 + Level 9.8 Fighting
 * Level 11.2 Axes
 - Level 4.0 Slings
 + Level 4.2 Armour
 + Level 3.1 Dodging
 - Level 2.0 Evocations


You had 9 spell levels left.
You didn't know any spells.
Your spell library was empty.

Dungeon Overview and Level Annotations

Branches:
Dungeon (10/15)            Temple (0/1) D:5
   Lair: D:8-11         Orc: D:9-12

Altars:
Ashenzari
Dithmenos
Fedhas
Gozag
Kikubaaqudgha
Makhleb
Nemelex Xobeh
Okawaru
Ru
Sif Muna
Wu Jian
Yredelemnul
The Shining One
Beogh

Annotations:
D:6 3 runed translucent doors, Sondor's ghost, novice DsCK; Zenobius's ghost, novice DsBe
D:10 Fannar; Grum


Innate Abilities, Weirdness & Mutations

You are resistant to torment.
Your stone body is resilient. (AC +7)
You are immune to poison.
You resist negative energy. (rN+)
You are resistant to electric shocks. (rElec)
You can survive without breathing.
You are immune to petrification.
You are immune to rotting.


Message History

You closely miss Grum.
Grum is heavily wounded.
You are no longer berserk.
You are exhausted.
You feel yourself slow down. Grum barely misses you.
You hit Grum.
Grum is heavily wounded.
Grum hits you with a +1 spear!
* * * LOW HITPOINT WARNING * * *
Unknown command.
Your plate armour prevents you from hitting Grum.
Grum is heavily wounded.
Grum hits you with a +1 spear.
* * * LOW HITPOINT WARNING * * *
You hit Grum.
Grum is heavily wounded.
Grum barely misses you.
Fannar mumbles some strange words.
Fannar blinks!
Grum hits you with a +1 spear!
You die... #.....# #.....# #.....# .....# ..§.# hhY

##g# #)@#
#.##
####'#####
#........#
#........#
#......[.#
#........#
#........#
#........#


You could see Grum, an ice beast and 2 wolves.

Vanquished Creatures
  Harold (D:10)
  Pikel (D:9)
  A troll (D:10)
  A hippogriff (D:7)
  A spriggan (D:7)
  A wraith (D:10)
  2 steam dragons
  A yak (D:6)
  2 hungry ghosts
  A water moccasin (D:6)
  A black bear (D:6)
  4 orc warriors
  3 slaves (D:9)
  4 ogres
  A phantom (D:8)
  A sky beast (D:5)
  A wolf (D:10)
  3 centaurs
  A crocodile (D:8)
  2 big kobolds (D:8)
  4 bullfrogs
  2 gnoll sergeants
  4 scorpions
  6 wights
  3 howler monkeys (D:8)
  2 crimson imps
  2 bullfrog zombies (D:6)
  A centaur zombie (D:6)
  A jelly (D:10)
  A centaur skeleton (D:4)
  3 orc priests
  A quasit (D:9)
  3 hounds
  Jessica (D:6)
  2 iguanas
  4 orc wizards
  9 worker ants
  2 hound skeletons (D:8)
  8 gnolls
  9 adders
  2 shadow imps
  2 oozes
  4 adder skeletons
  2 worms (D:2)
  4 dart slugs
  8 leopard geckos
  50 orcs
  3 ball pythons
  14 bats
  4 giant cockroaches
  14 goblins
  13 hobgoblins
  19 jackals
  7 quokkas
  3 frilled lizards
  16 kobolds
  A leopard gecko skeleton (D:6)
  A quokka zombie (D:6)
  9 rats
  A spectral orc (D:5)
278 creatures vanquished.

Notes
Turn   | Place    | Note
-------+----------+-------------------------------------------
     0 | D:1      | KamiKatze the Gargoyle Berserker began the quest for the
                  | Orb.
     0 | D:1      | Reached XP level 1. HP: 14/14 MP: 1/1
    90 | D:1      | Reached skill level 3 in Axes
    90 | D:1      | Reached XP level 2. HP: 17/19 MP: 2/2
   240 | D:1      | Reached XP level 3. HP: 24/24 MP: 3/3
   438 | D:1      | Reached ** piety under Trog
   602 | D:2      | Reached XP level 4. HP: 25/29 MP: 4/4
   605 | D:2      | Reached skill level 4 in Axes
  1045 | D:2      | Reached XP level 5. HP: 21/34 MP: 5/5
  1246 | D:2      | Reached *** piety under Trog
  1250 | D:2      | Found an ornate altar of the Wu Jian Council.
  1885 | D:3      | Found a blossoming altar of Fedhas.
  1958 | D:4      | Reached skill level 5 in Axes
  1958 | D:4      | Reached skill level 1 in Slings
  1958 | D:4      | Reached XP level 6. HP: 40/40 MP: 6/6
  2018 | D:4      | Reached skill level 5 in Fighting
  2087 | D:4      | Reached **** piety under Trog
  2137 | D:4      | Noticed a hungry ghost
  2154 | D:4      | Killed a hungry ghost
  2154 | D:4      | Reached XP level 7. HP: 44/44 MP: 7/7
  2295 | D:4      | Reached skill level 6 in Axes
  2615 | D:5      | Entered Level 5 of the Dungeon
  2625 | D:5      | Received a gift from Trog
  2678 | D:5      | Found a sacrificial altar of Ru.
  2741 | D:5      | Got a fine ring mail
  2752 | D:5      | Identified the +1 ring mail of the Villain {-Tele rCorr
                  | Int+10} (You found it on level 5 of the Dungeon)
  2865 | D:5      | Found a sparkling altar of Nemelex Xobeh.
  2865 | D:5      | Found a glowing golden altar of the Shining One.
  2884 | D:5      | Found an iron altar of Okawaru.
  3168 | D:5      | Found a basalt altar of Yredelemnul.
  3210 | D:5      | Found a staircase to the Ecumenical Temple.
  3234 | D:5      | Found a shattered altar of Ashenzari.
  3443 | D:6      | Found a burning altar of Makhleb.
  3462 | D:6      | Reached skill level 7 in Axes
  3462 | D:6      | Reached XP level 8. HP: 52/52 MP: 8/8
  3489 | D:6      | Noticed a yak
  3496 | D:6      | Killed a yak
  3577 | D:6      | Reached skill level 8 in Axes
  3724 | D:6      | Reached ***** piety under Trog
  3816 | D:6      | Reached XP level 9. HP: 51/57 MP: 9/9
  3842 | D:6      | Found a runed translucent gate.
  3843 | D:6      | Found a runed translucent gate.
  3843 | D:6      | Found a runed translucent gate.
  3844 | D:6      | Noticed Sondor's ghost (novice DsCK)
  3844 | D:6      | Noticed Zenobius's ghost (novice DsBe)
  3937 | D:6      | Received a gift from Trog
  3960 | D:6      | Noticed Jessica
  3978 | D:6      | Killed Jessica
  3988 | D:6      | Found a deep blue altar of Sif Muna.
  4169 | D:6      | Reached skill level 9 in Axes
  4393 | D:6      | Found an ancient bone altar of Kikubaaqudgha.
  4723 | D:7      | Found an ancient bone altar of Kikubaaqudgha.
  4802 | D:7      | Reached skill level 1 in Evocations
  5528 | D:8      | Found a shadowy altar of Dithmenos.
  5653 | D:8      | Reached skill level 10 in Axes
  5653 | D:8      | Reached XP level 10. HP: 65/65 MP: 11/11
  5871 | D:8      | Found a roughly hewn altar of Beogh.
  6280 | D:9      | Found a shattered altar of Ashenzari.
  6373 | D:9      | Noticed Pikel
  6395 | D:9      | Killed Pikel
  6622 | D:9      | Found an opulent altar of Gozag.
  6804 | D:10     | Entered Level 10 of the Dungeon
  7014 | D:10     | Noticed Fannar
  7014 | D:10     | Noticed Grum
  7027 | D:10     | Noticed Harold
  7031 | D:10     | Reached skill level 11 in Axes
  7054 | D:10     | Killed Harold
  7068 | D:10     | Slain by Grum

Skill      XL: |  1  2  3  4  5  6  7  8  9 10 |
---------------+-------------------------------+-----
Axes           | 3 4 5 7 8 10 11 | 11.2
Fighting       | 4 5 6 7 8 9 |  9.8
Slings         | 1 2 3 4 |  4.0
Evocations     | 2 |  2.0
Dodging        | 3 |  3.1
Armour         | 4 |  4.2

Action                   |  1- 3 |  4- 6 |  7- 9 | 10-12 || total
-------------------------+-------+-------+-------+-------++-------
Melee: Hand axe          |   119 |   161 |       |       ||   280
       War axe           |       |    93 |   282 |   173 ||   548
Invok: Trog's Hand       |       |     1 |       |     1 ||     2
       Berserk           |       |       |       |     1 ||     1
  Use: Scroll            |       |     4 |     4 |     3 ||    11
  Eat: Chunk             |       |     7 |    13 |     9 ||    29
Armor: Animal skin       |    37 |       |       |       ||    37
       Ring mail         |    24 |   137 |   123 |    31 ||   315
       Plate armour      |       |       |       |   106 ||   106
Dodge: Dodged            |   111 |   124 |   157 |    64 ||   456
